 Dungeon Crawl Stone Soup version 0.30-a0-359-gd0147acb1a (webtiles) character file.

Game seed: 8516571961191749020

44 lunkers the Ruffian (level 3, 0/27 (31) HPs)
             Began as an Armataur Reaver on Nov 13, 2022.
             Slain by a gnoll
             ... wielding a +0 halberd
              (11 damage)
             ... on level 2 of the Dungeon.
             The game lasted 00:00:47 (988 turns).

lunkers the Ruffian (Armataur Reaver)                Turns: 988, Time: 00:00:48

HP:   0/27 (31)     AC:  4    Str: 17    XL:     3   Next: 39%
MP:   4/5           EV:  9    Int: 15    God:
Gold: 29            SH:  0    Dex:  8    Spells: 4/5 levels left

rFire   . . .      SeeInvis .      - Unarmed
rCold   . . .      Faith    .    (no shield)
rNeg    . . .      Spirit   .    a - +0 leather armour
rPois   .          Reflect  .    (no helmet)
rElec   .          Harm     .    (no cloak)
rCorr   .          Roll     +    (no gloves)
Will    .....                    (no barding)
Stlth   +.........               (no amulet)
HPRegen 0.24/turn                (no ring)
MPRegen 0.09/turn                (no ring)

@: heavily drained
A: large, rugged brown scales 3, deformed body, armoured tail, roll, long
tongue, awkward tongue
a: no special abilities


You were on level 2 of the Dungeon.
You visited 1 branch of the dungeon, and saw 2 of its levels.

You collected 29 gold pieces.

Inventory:

Armour
 a - a +0 leather armour (worn)
Jewellery
 e - a ring of flight
Scrolls
 b - a scroll of butterflies {unknown}
 c - a scroll of acquirement {unknown}
 f - 2 scrolls of noise {unknown}
 g - a scroll of teleportation {unknown}
 h - a scroll of identify {unknown}
Potions
 d - a potion of berserk rage {unknown}


   Skills:
 - Level 1.7 Fighting
 - Level 1.3 Dodging
 + Level 4.1 Unarmed Combat
 - Level 1.7 Spellcasting
 - Level 2.6 Conjurations


You had 4 spell levels left.
You knew the following spells:

 Your Spells              Type           Power      Damage    Failure   Level
p - Kiss of Death         Conj/Necr      20%        2d7       16%         1

Your spell library contained the following spells:

 Spells                   Type           Power      Damage    Failure   Level
 Magic Dart               Conj           36%        1d4       10%         1
 Momentum Strike          Conj/Tloc      10%        3d8       24%         2
 Call Imp                 Summ           1%         N/A       38%         2
 Hailstorm                Conj/Ice       5%         3d4       43%         3
 Mephitic Cloud           Conj/Pois/Air  4%         N/A       50%         3
 Vhi's Electric Charge    Tloc/Air       2%         N/A       63%         3
 Arcjolt                  Conj/Air       2%         1d12      99%         5
 Maxwell's Capacitive Co  Air            0%         ∞         100%        8


Dungeon Overview and Level Annotations

Branches:
Dungeon (2/15)

Altars:


Innate Abilities, Weirdness & Mutations

You are completely covered in rugged brown scales. (AC +3, +7% HP)
Armour fits poorly on your strangely shaped body.
You have a long armoured tail.
You roll when moving toward enemies. (Rampage)
Your long tongue fully drains potion bottles. (2x potion effects)
Your tongue gives you trouble enunciating. (1.5x scroll delay)


Message History

You hit the gnoll.
The gnoll is moderately wounded.
The gnoll hits you with a +0 club.
* * * LOW HITPOINT WARNING * * *
The gnoll hits the plant with a +0 halberd.
The plant begins to die.
The quokka bites you but does no damage.
You hit the gnoll.
The gnoll is moderately wounded.
The gnoll hits you with a +0 club.
* * * LOW HITPOINT WARNING * * *
The quokka closely misses you.
The gnoll hits the plant with a +0 halberd.
You hit the gnoll.
The gnoll is severely wounded.
The quokka bites you.
* * * LOW HITPOINT WARNING * * *
The gnoll hits you with a +0 club.
* * * LOW HITPOINT WARNING * * *
The gnoll hits the plant with a +0 halberd!
Casting: Kiss of Death (safe; 16% risk of failure)
Confirm with . or Enter, or press ? or * to list all spells.
Aiming: Kiss of Death (safe; 16% risk of failure)
Press: ? - help, Shift-Dir - straight line, f - gnoll
Aim: a gnoll, wielding a +0 club (severely wounded, 100% to hit)
The negative energy hits the gnoll!
The gnoll is drained!
You kill the gnoll!
You feel drained.
A nearby plant withers and dies.
The quokka barely misses you.
Your Unarmed Combat skill increases to level 4!
Unknown command.
You miss the quokka.
Your tail-slap misses the quokka.
Your punch misses the quokka. The quokka barely misses you.
The gnoll barely misses you.
Unknown command.
The quokka attacks as you move away! The quokka barely misses you.
A nearby plant withers and dies.
The gnoll barely misses you. The quokka barely misses you.
The gnoll hits you with a +0 halberd!
You die...

.........##
#?.....P...#
#..PPP...P.#
#..PPP.P.P.#
#..P.......#
#.....P....#
##..PP..PgP.#
.......P)P@..# #
.....$...r...##..
.....>............
...................
....................
..[........!........
....................
...................
......#.....#.....


You could see a gnoll and a quokka.

Vanquished Creatures
  2 gnolls (D:2)
  An endoplasm (D:1)
  A giant cockroach (D:1)
  A goblin (D:1)
  2 hobgoblins (D:1)
  2 jackals (D:1)
  A quokka (D:1)
  4 ball pythons (D:1)
  A bat (D:1)
  2 frilled lizards (D:1)
  6 kobolds (D:1)
  2 rats (D:1)
25 creatures vanquished.

Vanquished Creatures (others)
  4 plants (D:2)
4 creatures vanquished.

Grand Total: 29 creatures vanquished

Notes
Turn   | Place    | Note
-------+----------+-------------------------------------------
     0 | D:1      | lunkers the Armataur Reaver began the quest for the Orb.
     0 | D:1      | Reached XP level 1. HP: 18/18 MP: 3/3
   200 | D:1      | Reached skill level 3 in Unarmed Combat
   331 | D:1      | Reached XP level 2. HP: 16/25 MP: 4/4
   980 | D:2      | Reached XP level 3. HP: 24/31 MP: 5/5
   986 | D:2      | Reached skill level 4 in Unarmed Combat
   988 | D:2      | Slain by a gnoll

Illustrated notes

Levels and vault maps discovered:
D:1:      minmay_arrival_wavy_path, layout_loops_ring, chequers_jeans,
          minmay_bisected
D:2:      layout_rooms, shapermc_ecumenical_altar_mp_ritualfount,
          grunt_decor_arrowhead, nicolae_grassy_gnolls

Skill      XL: |  1  2  3 |
---------------+----------+-----
Unarmed Combat | 3 4 |  4.1
Fighting       | |  1.7
Dodging        | |  1.3
Spellcasting   | |  1.7
Conjurations   | |  2.6

Action                   || total
-------------------------++-------
Melee: Unarmed           ||    78
       Tailslap          ||    11
       Punch             ||     3
 Cast: Kiss of Death     ||     1
Armor: Leather armour    ||    17
Dodge: Dodged            ||    39

Table legend: (Time is in decaauts)
 A = Elapsed time spent in this place.
 B = Non-inter-level travel time spent in this place.
 C = Inter-level travel time spent in this place.
 D = Time resting spent in this place.
 E = Time spent auto-exploring this place.
 F = Levels seen in this place.
 G = Mean time per level.
                   A        B        C        D        E       F      G
               +--------+--------+--------+--------+--------+-----+--------+
         Total |    982 |    959 |     23 |      0 |    824 |   2 |  491.0 |
       Dungeon |    982 |    959 |     23 |      0 |    824 |   2 |  491.0 |
               +--------+--------+--------+--------+--------+-----+--------+

Top non-repeatable levels by time:
     D:1: 962 daAuts
     D:2: 20 daAuts
